Map: Frozen Temple

Players

llllllllllll

  • Race: Terran Terran
  • League: Master

Pokebunny - Winner!

  • Race: Terran Terran
  • League: Grandmaster

VOD

Have the link to the VOD?

Description

Time

  • Played on: April 7, 2016, 9:26 p.m.
  • Length: 11:36
Show
View Real Time Build Order
Export as new Build Order

llllllllllll Terran 

Build Orders: MMM Bio 

Get SALT Encoding   

  12  0:01  SCV  
  13  0:13  SCV  
  14  0:18  Supply Depot  
  14  0:25  SCV  
  15  0:39  SCV  
  15  0:41  Barracks  
  16  0:45  Refinery  
  16  0:51  SCV  
  17  0:59  Barracks  
  17  1:03  SCV  
  18  1:16  SCV  
  19  1:29  Orbital Command, Reaper  
  20  1:32  Refinery  
  20  1:39  Supply Depot  
  20  1:47  Reaper  
  21  1:56  SCV  
  23  2:01  Reaper  
  23  2:08  SCV  
  24  2:15  Supply Depot  
  24  2:20  SCV  
  24  2:22  Factory  
  24  2:29  Reaper  
  25  2:32  SCV  
  26  2:38  Supply Depot  
  26  2:41  Reaper  
  27  2:44  SCV  
  28  2:56  SCV  
  29  3:01  Reaper  
  29  3:07  Hellion  
  29  3:08  SCV  
  32  3:13  Reaper  
  32  3:14  Supply Depot  
  32  3:15  Starport  
  33  3:21  SCV  
  34  3:29  Hellion  
  34  3:33  Reaper  
  37  3:34  SCV  
  37  3:38  Supply Depot  
  38  3:45  Reaper  
  39  3:50  Hellion  
  39  3:53  Medivac  
  43  3:59  Engineering Bay  
  43  4:00  Supply Depot  
  43  4:08  Liberator  
  43  4:11  Hellion  
  45  4:17  Command Center  
  45  4:29  SCV  
  50  4:41  SCV  
  50  4:42  Barracks Reactor, Barracks Tech Lab  
  50  4:52  Hellion  
  52  4:53  SCV  
  53  5:05  SCV  
  45  5:17  Marine, SCV, Stimpack  
  45  5:19  Marine x2  
  49  5:28  Starport Reactor  
  49  5:29  SCV  
  48  5:38  Factory Tech Lab  
  48  5:41  SCV  
  49  5:44  Marine  
  49  5:46  SCV  
  49  5:48  Marine  
  52  5:53  SCV  
  52  5:56  Marine  
  54  5:58  SCV  
  54  6:01  Siege Tank  
  54  6:02  Marine  
  59  6:06  SCV  
  59  6:08  Medivac x2  
  59  6:10  Marine, SCV  
  63  6:14  Marine  
  63  6:18  SCV  
  65  6:20  Marine  
  65  6:22  SCV  
  67  6:28  Marine  
  67  6:30  SCV  
  67  6:31  Marine  
  69  6:33  Siege Tank  
  69  6:38  Orbital Command, Marine  
  72  6:42  SCV  
  72  6:46  Marine  
  72  6:58  Barracks x2  
  71  7:04  Marine  
  69  7:12  Siege Tank  
  64  7:20  Combat Shields  
  64  7:22  Marine  
  63  7:25  SCV  
  63  7:31  SCV  
  50  7:39  Marine  
  51  7:48  Starport Reactor  
  51  7:50  SCV x2  
  53  7:57  Marine  
  54  8:02  SCV x2  
  57  8:06  Refinery  
  57  8:08  Refinery  
  57  8:09  Barracks Reactor  
  56  8:14  SCV x2  
  56  8:15  Marine x2  
  60  8:25  Medivac x2  
  60  8:26  SCV x2  
  66  8:33  Marine  
  68  8:38  SCV x2  
  69  8:48  Barracks Reactor  
  69  8:49  Marine  
  69  8:54  Supply Depot  
  70  8:55  Supply Depot  
  70  9:12  Marine  
  70  9:15  Siege Tank, Marine x2, SCV x2  
  77  9:18  Barracks  
  77  9:19  Barracks  
  77  9:26  Marine  
  77  9:27  SCV x2  
  77  9:30  Marine  
  76  9:33  Marine  
  76  9:35  Marine  
  78  9:44  Supply Depot, Marine  
  81  9:47  Siege Tank  
  81  9:49  Marine  
  81  9:50  Medivac  
  81  9:51  Marine  
  86  10:03  Marine  
  86  10:06  Marine, Medivac  
  89  10:08  SCV x2  
  89  10:09  Barracks Reactor x2  
  89  10:10  Marine  
  89  10:12  Marine  
  93  10:20  SCV  
  94  10:31  Command Center  
  94  10:36  Engineering Bay  
  94  10:40  Engineering Bay, Marine  
  94  10:58  Supply Depot x2  
  94  11:00  Siege Tank, Marine x5  
  102  11:10  Marine x2  
  100  11:11  Marine  
Show
View Real Time Build Order
Export as new Build Order

Pokebunny Terran - Winner!

Build Orders: 1/1/1 

Get SALT Encoding   

  12  0:00  SCV  
  13  0:13  SCV  
  14  0:18  Supply Depot  
  14  0:25  SCV  
  15  0:32  Refinery  
  15  0:40  SCV  
  16  0:45  Barracks  
  16  0:52  SCV  
  18  1:04  SCV  
  18  1:16  SCV  
  19  1:18  Refinery  
  19  1:33  Marine, Factory  
  19  1:34  Orbital Command  
  20  1:41  Supply Depot  
  20  1:51  Marine  
  21  1:59  SCV  
  21  2:14  Marine  
  22  2:18  Hellion, SCV  
  22  2:22  Starport  
  25  2:24  Supply Depot  
  25  2:31  SCV  
  25  2:32  Marine  
  27  2:39  Factory Tech Lab  
  27  2:43  SCV  
  28  2:47  Supply Depot  
  28  2:50  Marine  
  29  2:57  Siege Tank  
  32  3:00  Medivac  
  34  3:08  Marine  
  34  3:10  SCV  
  36  3:25  Marine  
  37  3:29  Siege Tank  
  37  3:30  SCV  
  37  3:34  Viking  
  43  3:37  Supply Depot  
  43  3:43  Barracks Reactor, SCV  
  42  4:07  Siege Tank  
  45  4:12  Engineering Bay  
  45  4:21  Command Center  
  45  4:23  Viking  
  47  4:29  Marine  
  47  4:30  Marine  
  49  4:39  Supply Depot  
  49  4:46  Siege Tank  
  52  4:53  Marine  
  52  4:54  Marine  
  54  5:01  Missile Turret  
  52  5:12  Marine x2  
  43  5:29  Siege Tank  
  43  5:30  Marine x2  
  48  5:51  Marine  
  49  6:01  Barracks, Siege Tank  
  52  6:04  Barracks  
  52  6:15  Marine x2  
  54  6:29  SCV  
  54  6:30  Viking  
  57  6:33  Orbital Command  
  57  6:41  SCV  
  55  6:52  Marine x2  
  55  6:53  Barracks Tech Lab, Marine  
  58  6:55  Siege Tank  
  58  6:56  Terran Infantry Weapons Level 1  
  58  7:19  Marine x2  
  58  7:20  Marine x2  
  48  7:42  Marine  
  48  7:43  Marine x2  
  48  7:44  Marine  
  49  7:45  SCV x2, Stimpack  
  51  7:52  Siege Tank, Starport Reactor  
  51  7:56  Command Center  
  54  8:00  Marine x2  
  54  8:01  Barracks Reactor, Marine  
  54  8:03  SCV x2  
  59  8:08  Refinery  
  59  8:15  SCV x2  
  59  8:16  Supply Depot  
  59  8:18  Marine x2  
  59  8:19  Marine  
  64  8:25  Siege Tank  
  67  8:28  SCV x2  
  67  8:32  Supply Depot  
  69  8:38  Marine x4  
  71  8:43  Medivac x2  
  71  8:45  SCV x2  
  77  8:48  Marine  
  77  8:49  Supply Depot  
  78  8:57  SCV x2  
  78  9:00  Siege Tank  
  78  9:01  Marine  
  78  9:02  Marine x2  
  86  9:11  Orbital Command  
  86  9:23  Marine x4, Missile Turret  
  86  9:24  Marine  
  91  9:26  Missile Turret  
  91  9:30  Medivac x2  
  95  9:37  SCV x2  
  95  9:38  SCV  
  98  9:41  Marine  
  98  9:43  Refinery, Siege Tank  
  102  9:46  Marine x3  
  102  9:47  Marine  
  106  9:56  Missile Turret  
  105  10:01  Barracks, Sensor Tower  
  105  10:02  Supply Depot  
  105  10:03  Barracks, Combat Shields  
  105  10:04  Marine  
  105  10:05  Marine x2  
  108  10:18  Missile Turret  
  108  10:20  Siege Tank, Marine, Missile Turret  
  112  10:22  Missile Turret  
  111  10:28  Marine x2  
  111  10:29  Marine x2  
  114  10:36  Medivac  
  114  10:40  Marine  
  117  10:46  Orbital Command, Marine  
  117  10:49  Marine x4  
  120  11:12  Marine x2  
  125  11:21  SCV x2  
  125  11:22  Supply Depot x2  
Tags
 
Add a new tag
Caveats
  • Supply blocks, unpowered buildings, or Contaminate may cause inaccurate times.
  • Supply counts are checked every 10 seconds.